 Dungeon Crawl Stone Soup version 0.27.1-33-g824d729ab1 (webtiles) character file.

Game seed: 11977133638301219574

117 pkoi the Ruffian (level 4, 0/36 HPs)
             Began as a Draconian Warper on Dec 14, 2021.
             Succumbed to a gnoll's poison
             ... on level 2 of the Dungeon.
             The game lasted 00:03:56 (3403 turns).

pkoi the Ruffian (Draconian Warper)                 Turns: 3403, Time: 00:03:57

Health: 0/36       AC:  6    Str: 13    XL:     4   Next: 71%
Magic:  7/7        EV: 12    Int: 14    God:
Gold:   104        SH:  0    Dex: 11    Spells: 1/7 levels left

rFire    . . .     SeeInvis .     - Unarmed
rCold    . . .     Faith    .   (no shield)
rNeg     . . .     Spirit   .   (armour unavailable)
rPois    .         Reflect  .   (helmet restricted)
rElec    .         Harm     .   (no cloak)
rCorr    .         Rampage  .   (no gloves)
Will     .....                  e - +0 pair of boots
Stlth    +.........             (no amulet)
HPRegen  0.12/turn              (no ring)
MPRegen  0.10/turn              (no ring)

@: lethally poisoned (0 -> -3)
A: AC +5, unfitting armour, cold-blooded
a: no special abilities


You were on level 2 of the Dungeon.
You visited 1 branch of the dungeon, and saw 3 of its levels.

You collected 104 gold pieces.

Inventory:

Hand Weapons
 h - a +0 dagger of speed
 i - a +0 hunting sling
Missiles
 b - 5 boomerangs of dispersal (quivered)
Armour
 e - a +0 pair of boots (worn)
Scrolls
 a - a scroll of blinking
 c - 4 scrolls of identify
Potions
 f - 2 potions of flight


   Skills:
 - Level 2.1 Fighting
 - Level 0.8 Throwing
 - Level 2.1 Dodging
 * Level 4.8 Unarmed Combat
 - Level 2.0 Spellcasting
 - Level 1.1 Summonings
 - Level 3.0 Translocations


You had one spell level left.
You knew the following spells:

 Your Spells              Type           Power      Damage    Failure   Level
a - Summon Small Mammal   Summ           16%        N/A       16%         1
b - Blink                 Tloc           N/A        N/A       11%         2
c - Gell's Gravitas       Tloc           4%         N/A       21%         3

Your spell library contained the following spells:

 Spells                   Type           Power      Damage    Failure   Level
 Lesser Beckoning         Tloc           4%         N/A       21%         3
 Teleport Other           Tloc           9%         N/A       21%         3
 Call Canine Familiar     Summ           4%         N/A       41%         3
 Summon Guardian Golem    Hex/Summ       3%         N/A       50%         3
 Manifold Assault         Tloc           9%         N/A       88%         5


Dungeon Overview and Level Annotations

Branches:
Dungeon (3/15)

Altars:


Innate Abilities, Weirdness & Mutations

Your plain brown scales are hard. (AC +5)
You cannot fit into any form of body armour.
You are cold-blooded and may be slowed by cold attacks.


Message History

You start resting.
HP restored.
There is a stone staircase leading down, spattered with blood here.
You climb downwards.
The gnoll closely misses you. The gnoll hits you but does no damage.
The gnoll hits you with a +1 whip of venom.
You are poisoned.
There is a stone staircase leading up here.
Unknown command.
You feel very sick. The gnoll closely misses you.
The jackal bites you but does no damage.
The gnoll hits you with a +1 whip of venom.
You climb upwards.
You feel very sick.
There is a stone staircase leading down, spattered with blood here.
You hit the gnoll.
The gnoll is moderately wounded.
You feel sick. The jackal closely misses you.
The gnoll hits you with a +1 vampiric whip.
The gnoll draws strength from your wounds!
You hit the gnoll.
The gnoll is moderately wounded.
You feel sick. The jackal barely misses you.
The gnoll hits you with a +1 vampiric whip!
* * * LOW HITPOINT WARNING * * *
The jackal bites you but does no damage.
You closely miss the gnoll.
The gnoll is moderately wounded.
You feel sick. The jackal barely misses you.
The gnoll hits you with a +1 vampiric whip.
* * * LOW HITPOINT WARNING * * *
You barely miss the gnoll.
The gnoll is moderately wounded.
The jackal bites you but does no damage.
The gnoll hits you with a +1 vampiric whip.
* * * LOW HITPOINT WARNING * * *
You hit the gnoll. You punch the gnoll.
The gnoll is severely wounded.
You die...

#.#.#.#...#.#.#....# #.#
..#############.#### #.#
...(..........#.# ##.##
...<............# #[..#####
................### #.<......
..............#...#######........
................g................
..............##h########........
..............##@g..### #........
..............#####...# #........
..............# ###.###..(.....
......>......## ###............
.....##.....#######.....#........
..#########.........#############
#.>..)......#########
..########### ###


You could see 2 gnolls and a jackal.

Vanquished Creatures
  A centaur skeleton (D:2)
  2 gnolls (D:2)
  An adder (D:2)
  A worm (D:2)
  2 dart slugs (D:2)
  6 ball pythons
  6 endoplasms
  4 giant cockroaches
  5 goblins
  4 hobgoblins
  A jackal (D:3)
  2 kobolds
  3 quokkas
  3 bats
  3 frilled lizards
44 creatures vanquished.

Vanquished Creatures (collateral kills)
  A dart slug (D:1)
  2 ball pythons (D:1)
  A frilled lizard (D:1)
4 creatures vanquished.

Grand Total: 48 creatures vanquished

Notes
Turn   | Place    | Note
-------+----------+-------------------------------------------
     0 | D:1      | pkoi the Draconian Warper began the quest for the Orb.
     0 | D:1      | Reached XP level 1. HP: 17/17 MP: 3/3
     4 | D:1      | Learned a level 1 spell: Summon Small Mammal
    34 | D:1      | Reached XP level 2. HP: 8/24 MP: 5/5
   885 | D:1      | Reached skill level 3 in Unarmed Combat
  1360 | D:1      | Learned a level 2 spell: Blink
  1401 | D:1      | Reached XP level 3. HP: 29/29 MP: 4/6
  1422 | D:1      | Found a faded altar of an unknown god.
  1866 | D:2      | Learned a level 3 spell: Gell's Gravitas
  1991 | D:2      | Reached skill level 1 in Summonings
  2221 | D:2      | Reached skill level 4 in Unarmed Combat
  2338 | D:2      | Reached XP level 4. HP: 25/36 MP: 7/7
  3402 | D:2      | HP: 1/36 [gnoll (5)]
  3403 | D:2      | Succumbed to a gnoll's poison

Illustrated notes

Levels and vault maps discovered:
D:1:      lightli_arrival_maybe_door_vault, layout_rooms,
          shapermc_ecumenical_altar_flowoftime
D:2:      minmay_diamond_boxcup, layout_rooms
D:3:      layout_basic, nrook_uturn

Skill      XL: |  1  2  3 |
---------------+----------+-----
Unarmed Combat | 3 4 |  4.8
Summonings     | 1 |  1.1
Fighting       | |  2.1
Throwing       | |  0.8
Dodging        | |  2.1
Spellcasting   | |  2.0
Translocations | |  3.0

Action                   |  1- 3 |  4- 6 || total
-------------------------+-------+-------++-------
Melee: Unarmed           |   154 |    40 ||   194
       Tailslap          |    13 |     5 ||    18
       Punch             |     3 |     2 ||     5
 Cast: Summon Small Mamm |    13 |     1 ||    14
  Use: Scroll            |       |     4 ||     4
Armor: Skin              |    54 |    16 ||    70
Dodge: Dodged            |   110 |    34 ||   144
